 Dungeon Crawl Stone Soup version 0.24.1-5-g77f818bfca (webtiles) character file.

Game seed: 6317044524292808416, levelgen mode: deterministic

112 Curus the Cudgeler (level 4, 0/39 HPs)
             Began as a Minotaur Fighter on Apr 22, 2020.
             Was an Initiate of Makhleb.
             Succumbed to a killer bee's poison
             ... on level 4 of the Dungeon.
             The game lasted 00:12:03 (2164 turns).

Curus the Cudgeler (Minotaur Fighter)               Turns: 2164, Time: 00:12:03

Health: 0/39       AC: 12    Str: 25    XL:     4   Next: 64%
Magic:  3/3        EV:  4    Int:  6    God:    Makhleb [......]
Gold:   146        SH:  9    Dex: 10    Spells: 3/3 levels left

rFire    + . .     SeeInvis .   a - +1 flail
rCold    . . .     Gourm    .   c - +0 shield
rNeg     . . .     Faith    .   g - +1 plate armour
rPois    .         Spirit   .   (helmet restricted)
rElec    .         Reflect  .   (no cloak)
rCorr    .         Harm     .   (no gloves)
MR       .....                  (no boots)
Stlth    ..........             (no amulet)
HPRegen  0.13/turn              l - ring of protection from fire
MPRegen  0.08/turn              (no ring)

@: mighty, lethally poisoned (0 -> -6)
A: retaliatory headbutt, horns 2
a: Renounce Religion


You were on level 4 of the Dungeon.
You worshipped Makhleb.
Makhleb was noncommittal.
You were hungry.

You visited 1 branch of the dungeon, and saw 4 of its levels.

You collected 146 gold pieces.

Inventory:

Hand Weapons
 a - a +1 flail (weapon)
Armour
 b - a +0 scale mail
 c - a +0 shield (worn)
 g - a +1 plate armour (worn)
 h - a +0 chain mail of poison resistance
Jewellery
 l - a ring of protection from fire (left hand)
Scrolls
 e - a scroll of remove curse
 j - 2 scrolls of identify
 k - a scroll of teleportation
Potions
 m - a potion of brilliance
Comestibles
 f - 4 rations


   Skills:
 - Level 3.6 Fighting
 + Level 6.0 Maces & Flails
 - Level 3.6 Armour
 - Level 3.6 Shields


You had 3 spell levels left.
You didn't know any spells.
Your spell library was empty.

Dungeon Overview and Level Annotations

Branches:
Dungeon (4/15)
 Temple: D:4-7

Altars:
Cheibriados
Kikubaaqudgha
Makhleb
Zin


Innate Abilities, Weirdness & Mutations

You reflexively headbutt those who attack you in melee.
You have a pair of horns on your head.


Message History

Your plate armour prevents you from hitting the killer bee.
The killer bee is heavily wounded.
The killer bee stings you but does no damage.
You block the killer bee's attack. The killer bee stings you.
* * * LOW HITPOINT WARNING * * *
You are lethally poisoned!
The killer bee poisons you!
Your shield and plate armour prevent you from hitting the killer bee.
The killer bee is heavily wounded.
* * * LOW HITPOINT WARNING * * *
You feel sick. You block the killer bee's attack.
The killer bee completely misses you.
You closely miss the killer bee.
The killer bee is heavily wounded.
* * * LOW HITPOINT WARNING * * *
You feel sick.
The killer bee stings you but does no damage. x2
You miss the killer bee.
The killer bee is heavily wounded.
You die...

## .. .#
.# y#
##y#
##@#
#####.##
#....##
#<###.#
#.# #.#
#.# #.#
#.# ##
#.# #.#


You could see 2 killer bees.

Vanquished Creatures
  An orc wizard (D:3)
  A gnoll (D:1)
  An adder (D:3)
  2 worms (D:2)
  A leopard gecko (D:2)
  5 orcs (D:3)
  3 giant cockroaches
  7 goblins
  9 hobgoblins
  A ball python (D:2)
  10 bats
  4 frilled lizards
  7 kobolds
  4 rats
56 creatures vanquished.

Vanquished Creatures (others)
  4 toadstools (D:1)
4 creatures vanquished.

Grand Total: 60 creatures vanquished

Notes
Turn   | Place    | Note
-------+----------+-------------------------------------------
     0 | D:1      | Curus the Minotaur Fighter began the quest for the Orb.
     0 | D:1      | Reached XP level 1. HP: 19/19 MP: 0/0
   131 | D:1      | Reached skill level 3 in Maces & Flails
   189 | D:1      | Reached XP level 2. HP: 25/26 MP: 1/1
   221 | D:1      | Reached skill level 4 in Maces & Flails
   773 | D:2      | Reached XP level 3. HP: 31/31 MP: 2/2
   799 | D:2      | Found a burning altar of Makhleb.
   804 | D:2      | Became a worshipper of Makhleb the Destroyer
   964 | D:2      | Found an ancient bone altar of Kikubaaqudgha.
  1106 | D:2      | Reached skill level 5 in Maces & Flails
  1283 | D:3      | Found a snail-covered altar of Cheibriados.
  1469 | D:3      | Reached XP level 4. HP: 27/39 MP: 3/3
  1504 | D:3      | Reached * piety under Makhleb
  1898 | D:3      | Reached skill level 6 in Maces & Flails
  2124 | D:3      | Found a glowing silver altar of Zin.
  2163 | D:4      | HP: 1/39 [poisoned by a killer bee]
  2164 | D:4      | Succumbed to a killer bee's poison

Levels and vault maps discovered:
D:1:      ldierk_water_garden, layout_rooms, serial_curves, eino_curves_03,
          eino_curves_03, eino_curves_02
D:2:      layout_rooms, lemuel_doored_altar, overflow_temple_1_default
D:3:      layout_loops_ring, lemuel_crystal_altar, zin_scriptorium, first_ration
D:4:      layout_loops_ring, regret_index_temple_of_mockery,
          kennysheep_little_box, gup_sewer_entry_spiral, uniq_blork_the_orc

Skill      XL: |  1  2  3  4 |
---------------+-------------+-----
Maces & Flails | 3 4 5 6 |  6.0
Fighting       | |  3.6
Armour         | |  3.6
Shields        | |  3.6

Action                   |  1- 3 |  4- 6 || total
-------------------------+-------+-------++-------
Melee: Flail             |   143 |    35 ||   178
       Headbutt          |    17 |     1 ||    18
  Use: Potion            |     5 |     2 ||     7
       Scroll            |     9 |     1 ||    10
  Eat: Ration            |     1 |       ||     1
Armor: Scale mail        |    10 |       ||    10
       Plate armour      |    71 |    28 ||    99
Dodge: Dodged            |    25 |     3 ||    28
Block: Shield            |    64 |    28 ||    92
